 Dungeon Crawl Stone Soup version 0.20.0-15-g7f486f2 (webtiles) character file.

48 Wardy the Bolt Thrower (level 4, -4/26 HPs)
             Began as a Kobold Hunter on July 1, 2017.
             Killed from afar by Natasha (7 damage)
             ... with a magic dart
             ... on level 2 of the Dungeon.
             The game lasted 00:02:32 (1075 turns).

Wardy the Bolt Thrower (Kobold Hunter)              Turns: 1075, Time: 00:02:33

Health: -4/26      AC:  3    Str: 10    XL:     4   Next: 0%
Magic:  4/4        EV: 14    Int: 12    God:
Gold:   99         SH:  4    Dex: 15    Spells: 3/3 levels left

rFire    . . .     SeeInvis .   a - +1 hand crossbow
rCold    + . .     Gourm    .   h - +0 buckler
rNeg     . . .     Faith    +   c - +0 leather armour
rPois    .         Spirit   .   (no helmet)
rElec    .         Reflect  .   (no cloak)
rCorr    .         Harm     .   (no gloves)
MR       .....                  (no boots)
Stlth    ++........             j - amulet of faith (curse)
Regen    0.1/turn               o - ring of protection from cold
MPRegen  0.1/turn               (no ring)

@: no status effects
A: carnivore 3
a: no special abilities


You were on level 2 of the Dungeon.
You were not hungry.

You visited 1 branch of the dungeon, and saw 2 of its levels.

You collected 99 gold pieces.

Inventory:

Hand Weapons
 a - a +1 hand crossbow (weapon)
 b - a +0 short sword
 i - a cursed -2 hand axe
Missiles
 d - 7 bolts (quivered)
Armour
 c - a +0 leather armour (worn)
 h - a +0 buckler (worn)
Jewellery
 j - a cursed amulet of faith (around neck)
 o - a ring of protection from cold (left hand)
Scrolls
 e - a scroll of teleportation {unknown}
 l - a scroll of recharging {unknown}
 n - a scroll of remove curse {unknown}
 p - a scroll of enchant armour {unknown}
 s - a scroll of enchant weapon {unknown}
 u - a scroll of immolation {unknown}
Potions
 g - a potion of degeneration {unknown}
 m - a potion of cancellation {unknown}
 q - a potion of berserk rage {unknown}
 r - 2 potions of lignification {unknown}
 t - a potion of brilliance {unknown}
 v - a potion of curing {unknown}
Comestibles
 f - 4 meat rations
 k - a royal jelly


   Skills:
 - Level 2.1 Fighting
 * Level 6.4 Crossbows
 - Level 2.4 Dodging
 - Level 1.3 Stealth


You had 3 spell levels left.
You didn't know any spells.

Dungeon Overview and Level Annotations

Branches:
Dungeon (2/15)

Altars:
Fedhas

Annotations:
D:2 Natasha


Innate Abilities, Weirdness & Mutations

You are small and have problems with some larger weapons.
You are carnivorous and can eat meat at any time.


Message History

You are too injured to fight recklessly!
Firing (i - inventory):
d - 9 bolts (quivered)
Press: ? - help, Shift-Dir - straight line, f/p - Natasha
Aim: Natasha (severely wounded)
You shoot a bolt. The bolt hits Natasha.
Natasha is almost dead.
Natasha claws you!
* * * LOW HITPOINT WARNING * * *
The white imp gestures at you. The puff of frost hits you! You resist.
* * * LOW HITPOINT WARNING * * *
The white imp gestures at you. The puff of frost misses you.
Firing (i - inventory):
d - 8 bolts (quivered)
Press: ? - help, Shift-Dir - straight line, f/p - Natasha
Aim: Natasha (almost dead)
You shoot a bolt. The bolt closely misses Natasha.
Natasha casts a spell at you. The magic dart hits you!
You die...

#.... .(...
....... #....
#......# .......
#.... #......#
...?... #....
#....(.# .......
#....
#..P.P.###......
#....
#..._.....5...
#....
#..P.P..h(.#
#....
#.......@.#
#....
###.>5....#
#####.#
#...##### ...#.#
#...# #....
#...# #....
#...# #....
#...######
.#####....
##........#
..........
#...†.....#
........#


You could see Natasha and 2 white imps.

Vanquished Creatures
  Natasha (D:2)
  A worm (D:2)
  2 dart slugs (D:1)
  A giant cockroach (D:2)
  A goblin (D:1)
  A hobgoblin (D:1)
  A quokka (D:2)
  A frilled lizard (D:1)
  7 kobolds
  3 rats
19 creatures vanquished.

Notes
Turn   | Place    | Note
-------+----------+-------------------------------------------
     0 | D:1      | Wardy the Kobold Hunter began the quest for the Orb.
     0 | D:1      | Reached XP level 1. HP: 12/12 MP: 1/1
   121 | D:1      | Reached skill level 5 in Crossbows
   303 | D:1      | Reached XP level 2. HP: 17/17 MP: 2/2
   872 | D:2      | Noticed Natasha
   876 | D:2      | Killed Natasha
   876 | D:2      | Reached skill level 6 in Crossbows
   876 | D:2      | Reached XP level 3. HP: 21/21 MP: 3/3
  1046 | D:2      | Found a blossoming altar of Fedhas.
  1049 | D:2      | Reached XP level 4. HP: 26/26 MP: 4/4
  1052 | D:2      | Noticed Natasha
  1075 | D:2      | Killed from afar by Natasha

Skill      XL: |  1  2 |
---------------+-------+-----
Crossbows      | 5 6 |  6.4
Fighting       | |  2.1
Dodging        | |  2.4
Stealth        | |  1.3

Action                   |  1- 3 |  4- 6 || total
-------------------------+-------+-------++-------
 Fire: Hand crossbow     |    35 |     6 ||    41
  Eat: Chunk             |     3 |       ||     3
Dodge: Dodged            |     5 |     1 ||     6
